 Dungeon Crawl Stone Soup version 0.31.0-11-ge490571c62 (webtiles) character file.

Game seed: 11153462553162924033

209 javelincjr the Changeling (level 5, 0/40 HPs)
             Began as a Demonspawn Shapeshifter on Feb 8, 2024.
             Killed by divine providence
             ... invoked by an orc priest
              (12 damage)
             ... on level 3 of the Dungeon.
             The game lasted 00:09:01 (2140 turns).

javelincjr the Changeling (Demonspawn Shapeshifter) Turns: 2140, Time: 00:09:02

Health: 0/40       AC:  7    Str: 16    XL:     5   Next: 55%
Magic:  5/5        EV: 12    Int: 10    God:
Gold:   60         SH:  0    Dex: 13    Spells: 1/4 levels left

rFire   . . .        h - +1 dagger (pain)
rCold   . . .        (no shield)
rNeg    . . .        m - +0 robe "Vefoef" {rPois}
rPois   +            (helmet currently unavailable)
rElec   .            (cloak currently unavailable)
rCorr   .            (gloves currently unavailable)
SInv    .            (boots currently unavailable)
Will    .....        (no amulet)
Stlth   +            k - +4 ring of protection
HPRegen 0.26/turn    l - ring of wizardry
MPRegen 0.09/turn

%: wizardry (x1)
@: confused, mighty, beast-form
A: beast (slay +2), rugged brown scales 1, demonic touch 1
a: Begin Untransformation


You were on level 3 of the Dungeon.
You were a hulking beast.
You visited 1 branch of the dungeon, and saw 3 of its levels.
You also visited: Sewer.

You collected 60 gold pieces.

Inventory:

Hand Weapons
 h - a +1 dagger of pain (weapon)
Missiles
 q - 8 poisoned darts (quivered)
Armour
 a - a +0 animal skin
 m - the +0 robe "Vefoef" (worn) {rPois}
   (You found it on level 3 of the Dungeon)

   rPois:     It protects you from poison
Jewellery
 k - a +4 ring of protection (left hand)
 l - a ring of wizardry (right hand)
Talismans
 c - a beast talisman
 d - a flux talisman
Wands
 n - a wand of iceblast (9)
Scrolls
 e - a scroll of enchant armour {unknown}
 i - 2 scrolls of identify {unknown}
 j - a scroll of immolation {unknown}
 p - a scroll of teleportation {unknown}
 s - a scroll of vulnerability {unknown}
Potions
 b - a potion of lignification
 f - a potion of enlightenment {unknown}
 g - a potion of curing
 o - a potion of berserk rage {unknown}
 r - a potion of might


   Skills:
 + Level 2.7 Fighting
 - Level 2.0 Dodging
 + Level 3.6 Unarmed Combat
 * Level 4.2 Shapeshifting


You had one spell level left.
You knew the following spells:

 Your Spells              Type           Power      Damage    Failure   Level
a - Sting                 Conj/Alch      0%         1d3       16%         1
b - Blink                 Tloc           0%         N/A       22%         2

Your spell library contained the following spells:

 Spells                   Type           Power      Damage    Failure   Level
 Lesser Beckoning         Tloc           0%         N/A       22%         2
 Mercury Vapours          Alch/Air       0%         N/A       22%         2
 Momentum Strike          Conj/Tloc      0%         3d8       22%         2
 Gell's Gravitas          Tloc           0%         N/A       41%         3
 Teleport Other           Tloc           0%         N/A       41%         3
 Anguish                  Hex/Necr       0%         N/A       80%         4
 Cause Fear               Hex            0%         N/A       80%         4
 Olgreb's Toxic Radiance  Alch           0%         N/A       80%         4
 Enfeeble                 Hex            0%         N/A       100%        7


Dungeon Overview and Level Annotations

Branches:
Dungeon (3/15)              Sewer (visited)

Altars:
Xom

Shops:
D:2 ?


Innate Abilities, Weirdness & Mutations

You are a hulking beast.
Your limbs bulge with bestial killing power. (Slay +2)
You are partially covered in rugged brown scales. (AC +1, +3% HP)
Your touch may inflict minor irresistible damage on your foes.


Message History

The orc hits you but does no damage.
You hit the orc. Your touch misses the orc.
The orc is lightly wounded.
You hit something. You hit something.
The orc priest invokes the aid of Beogh against you.
Beogh smites you! Something hits you but does no damage.
You are too injured to fight recklessly!
You are too injured to fight recklessly!
You closely miss something. Your touch misses something. Something hits you.
You barely miss something.
There are monsters nearby!
You hear some strange, mumbled words.
A puff of flame appears from out of thin air!
The puff of flame misses you. The orc attacks as it pursues you!
The orc hits you but does no damage.
You hit the orc. Your touch misses the orc.
The orc is heavily wounded.
You hear some strange, mumbled words.
A puff of flame appears from out of thin air!
The puff of flame hits you!
* * * LOW HITPOINT WARNING * * *
You miss something. Your touch misses something.
You hear some strange, mumbled words.
Something tries to affect you, but you resist.
You hit something. Your touch misses something.
You hear some strange, mumbled words.
Something tries to affect you, but you resist.
You hit something.
You hear some strange, mumbled words.
Something tries to affect you, but you resist.
It was a potion of curing.
You feel better.
You hear some strange, mumbled words.
You are confused.
It was a potion of might.
You feel very mighty all of a sudden. Something hits you but does no damage.
The orc priest invokes the aid of Beogh against you.
Beogh smites you!
You die...

#### ...## ###
....## §.## .....#
.≈§########## .....
.__~#.......# ...
.~_♣⌠..####.######o#
♣..##.## #......h{o#
..~##.# #....######
♣^###.# #....# ###
#.# #....# ..# #.#
#....# ..# #.#
##.#.# ..# #.. ..#.#
####### #..#..
......#


You could see an orc priest and an orc.

Vanquished Creatures
  Pargi (Sewer)
  2 jellies (Sewer)
  2 ribbon worms (D:3)
  An orc (D:3)
  3 endoplasms
  4 giant cockroaches
  2 goblins
  2 hobgoblins (D:3)
  11 kobolds
  6 quokkas
  4 ball pythons (D:1)
  A bat (D:1)
  5 frilled lizards
  6 rats
50 creatures vanquished.

Notes
Turn   | Place    | Note
-------+----------+-------------------------------------------
     0 | D:1      | javelincjr the Demonspawn Shapeshifter began the quest for
                  | the Orb.
     0 | D:1      | Reached XP level 1. HP: 15/15 MP: 1/1
   220 | D:1      | Gained mutation: You are partially covered in rugged brown
                  | scales. (AC +1, +3% HP) [demonic ancestry]
   220 | D:1      | Reached XP level 2. HP: 13/21 MP: 2/2
   311 | D:1      | Reached skill level 3 in Shapeshifting
   793 | D:2      | Found Eceapel's Magic Scroll Shop.
   866 | D:2      | Learned a level 1 spell: Sting
  1167 | D:3      | Identified the +0 robe "Vefoef" {rPois}
  1220 | D:3      | Gained mutation: Your touch may inflict minor irresistible
                  | damage on your foes. [demonic ancestry]
  1220 | D:3      | Reached XP level 3. HP: 23/26 MP: 3/3
  1447 | D:3      | Found a glowing drain.
  1453 | Sewer    | Entered a sewer
  1472 | Sewer    | Reached XP level 4. HP: 21/33 MP: 4/4
  1619 | Sewer    | Noticed Pargi
  1630 | Sewer    | Killed Pargi
  1631 | Sewer    | Reached skill level 4 in Shapeshifting
  1631 | Sewer    | Reached XP level 5. HP: 21/40 MP: 0/5
  1706 | Sewer    | Learned a level 2 spell: Blink
  2090 | D:3      | Found a shimmering altar of Xom.
  2091 | D:3      | Found a shimmering altar of Xom.
  2094 | D:3      | Found a shimmering altar of Xom.
  2094 | D:3      | Found a shimmering altar of Xom.
  2096 | D:3      | Found a shimmering altar of Xom.
  2140 | D:3      | Killed from afar by an orc priest

Illustrated notes

Levels and vault maps discovered:
D:1:      saegor_arrival_simple_d, layout_rooms
D:2:      layout_basic, serial_shops, shop
D:3:      layout_basic, xom_redecorated, gup_sewer_entry_spiral

Skill      XL: |  1  2  3  4 |
---------------+-------------+-----
Dodging        | 2 |  2.0
Shapeshifting  | 3 4 |  4.2
Unarmed Combat | 3 |  3.6
Fighting       | 2 |  2.7

Action                     |  1- 3 |  4- 6 || total
---------------------------+-------+-------++-------
  Melee: Unarmed           |    56 |       ||    56
         Dagger            |    47 |    44 ||    91
         Punch             |     1 |       ||     1
         Touch             |     7 |     8 ||    15
  Throw: Dart              |       |     2 ||     2
   Cast: Sting             |       |     3 ||     3
    Use: Potion            |       |     2 ||     2
   Stab: Sleeping          |       |     3 ||     3
 Armour: Animal skin       |    33 |       ||    33
         Robe              |    15 |    32 ||    47
  Dodge: Dodged            |    67 |    24 ||    91
